 Dungeon Crawl Stone Soup version 0.29.1-1-gd02db6906a (webtiles) character file.

Game seed: 14650677240452093400

678217 Earthwalker the Conqueror (level 26, -33/239 HPs)
             Began as a Minotaur Fighter on Oct 15, 2022.
             Was a High Priest of Okawaru.
             Killed from afar by a Brimstone Fiend (38 damage)
             ... with damnation
             ... in Pandemonium on Oct 16, 2022.
             The game lasted 08:52:15 (71890 turns).

Earthwalker the Conqueror (Minotaur Fighter)       Turns: 71890, Time: 08:52:17

Health: -33/239    AC: 32    Str: 27    XL:     26   Next: 87%
Magic:  34/34      EV: 16    Int: 19    God:    Okawaru [*****.]
Gold:   2201       SH: 41    Dex: 17    Spells: 25/25 levels left

rFire   + + +      SeeInvis +   z - +10 broad axe of Jetiexzi {vamp, rC+ Will- rCorr Int+8}
rCold   + + +      Faith    .   g - +8 tower shield "Givamaz" {Regen+ Str-5 Slay+5}
rNeg    + + +      Spirit   .   F - +9 scales of the Dragon King {rPois rF+ rC+ Will+}
rPois   +          Reflect  +   v - -2 hat of the Alchemist {rElec rPois rF+ rC+ rN+ Will+ rMut rCorr}
rElec   +          Harm     .   q - scarf {rC+ rF+}
rCorr   +          Rampage  .   s - +0 pair of gloves of Nasoemol {rElec SInv}
rMut    +                       L - +2 pair of boots of Elerelaym {rPois Will+ Regen+ Int+3}
Will    ++++.                   b - amulet "Sujek" {Reflect Int+3 SH+5 Stlth+}
Stlth   ..........              A - ring of Coronation {rN+ Will+ rCorr}
HPRegen 2.09/turn               S - ring of Jit Keuw {rN+ Str+3 Dex+5}
MPRegen 0.24/turn

@: studying 3 skills
A: horns 2, retaliatory headbutt, large bone plates 1, deformed body, dopey 1,
frail 1, no potion heal 1
}: 6/15 runes: decaying, slimy, silver, abyssal, demonic, gossamer
a: Renounce Religion, Heroism, Finesse, Duel


You were in Pandemonium.
You worshipped Okawaru.
Okawaru was extremely pleased with you.
You visited 11 branches of the dungeon, and saw 51 of its levels.
You visited Pandemonium 1 time, and saw 2 of its levels.
You visited the Abyss 2 times.
You visited 1 bazaar.
You also visited: Trove, Gauntlet, Volcano and Wizlab.

You collected 9287 gold pieces.
You spent 7086 gold pieces at shops.

Inventory:

Hand Weapons
 l - the +8 hand axe of Bano {flame, rF+ rN++ Dex+3 Stlth-}
   (Okawaru gifted it to you on level 12 of the Dungeon)

   It burns those it strikes, dealing additional fire damage.
   Big, fiery blades are also staple armaments of hydra-hunters.
   Dex:       It affects your dexterity (+3).
   rF:        It protects you from fire.
   rN:        It greatly protects you from negative energy.
   Stlth:     It makes you less stealthy.
 z - the +10 broad axe of Jetiexzi (weapon) {vamp, rC+ Will- rCorr Int+8}
   (Okawaru gifted it to you on level 1 of the Pits of Slime)

   It occasionally heals its wielder for a portion of the damage dealt when it
   wounds a living foe.
   Int:       It affects your intelligence (+8).
   rC:        It protects you from cold.
   rCorr:     It protects you from acid and corrosion.
   Will:      It decreases your willpower.
Missiles
 t - 40 boomerangs (quivered)
 w - 77 poisoned darts
 x - 2 silver boomerangs
 H - 3 boomerangs of dispersal
 Q - a throwing net
 R - 24 javelins
Armour
 g - the +8 tower shield "Givamaz" (worn) {Regen+ Str-5 Slay+5}
   (Okawaru gifted it to you on level 5 of the Vaults)

   Str:       It affects your strength (-5).
   Slay:      It affects your accuracy & damage with ranged weapons and melee
   (+5).
   Regen:     It increases your rate of health regeneration.
 q - a scarf of resistance (worn)
 s - the +0 pair of gloves of Nasoemol (worn) {rElec SInv}
   (You found it in a treasure trove)

   rElec:     It insulates you from electricity.
   SInv:      It lets you see invisible.
 v - the -2 hat of the Alchemist (worn) {rElec rPois rF+ rC+ rN+ Will+ rMut rCorr}
   (You acquired it on level 5 of the Lair of Beasts)

   rF:        It protects you from fire.
   rC:        It protects you from cold.
   rElec:     It insulates you from electricity.
   rPois:     It protects you from poison.
   rN:        It protects you from negative energy.
   rCorr:     It protects you from acid and corrosion.
   rMut:      It protects you from mutation.
   Will:      It increases your willpower.
 F - the +9 scales of the Dragon King (worn) {rPois rF+ rC+ Will+}
   (You bought it in a shop on level 13 of the Dungeon)

   rF:        It protects you from fire.
   rC:        It protects you from cold.
   rPois:     It protects you from poison.
   Will:      It increases your willpower.
 L - the +2 pair of boots of Elerelaym (worn) {rPois Will+ Regen+ Int+3}
   (You found it on level 5 of the Dungeon)

   Int:       It affects your intelligence (+3).
   rPois:     It protects you from poison.
   Regen:     It increases your rate of health regeneration.
   Will:      It increases your willpower.
Jewellery
 b - the amulet "Sujek" (around neck) {Reflect Int+3 SH+5 Stlth+}
   (You bought it in a shop on level 4 of the Vaults)

   [amulet of reflection]

   It reflects blocked missile attacks.
   Int:       It affects your intelligence (+3).
   SH:        It affects your SH (+5).
   Stlth:     It makes you more stealthy.
 A - the ring of Coronation (left hand) {rN+ Will+ rCorr}
   (You took it off a skeletal warrior on level 3 of the Crypt)

   [ring of positive energy]

   rN:        It protects you from negative energy.
   rCorr:     It protects you from acid and corrosion.
   Will:      It increases your willpower.
 M - a ring of flight
 S - the ring of Jit Keuw (right hand) {rN+ Str+3 Dex+5}
   (You found it on level 3 of the Crypt)

   [ring of positive energy]

   Str:       It affects your strength (+3).
   Dex:       It affects your dexterity (+5).
   rN:        It protects you from negative energy.
Wands
 e - a wand of mindburst (41)
 f - a wand of polymorph (17)
 B - a wand of acid (11)
 G - a wand of flame (104)
 K - a wand of digging (18)
 T - a wand of paralysis (50)
 Z - a wand of iceblast (74)
Scrolls
 j - 11 scrolls of blinking
 k - 19 scrolls of teleportation
 o - a scroll of amnesia
 p - 7 scrolls of noise
 y - 2 scrolls of poison
 J - a scroll of silence
 N - 7 scrolls of magic mapping
 O - a scroll of enchant weapon
 U - 13 scrolls of fear
Potions
 a - 2 potions of brilliance
 d - 9 potions of might
 h - 5 potions of berserk rage
 i - 7 potions of cancellation
 m - 16 potions of heal wounds
 n - 13 potions of haste
 r - 9 potions of attraction
 u - 34 potions of curing
 D - 9 potions of lignification
 I - 4 potions of invisibility
 W - 3 potions of resistance
 X - 13 potions of mutation
 Y - 8 potions of magic
Miscellaneous
 c - a lightning rod (4/4)
 C - a piece from Xom's chessboard (15/15)
 E - a phial of floods
 P - a tin of tremorstones (2/2)
 V - a condenser vane


   Skills:
 O Level 27 Fighting
 * Level 23.5 Axes
 - Level 13.9 Throwing
 * Level 24.8 Armour
 * Level 20.9 Dodging
 - Level 10.0 Stealth
 * Level 23.0 Shields
 - Level 17.3 Invocations
 * Level 11.8 Evocations


You had 25 spell levels left.
You didn't know any spells.
Your spell library contained the following spells:

 Spells                   Type           Power      Damage    Failure   Level
 Foxfire                  Conj/Fire      0%         2x1d4     94%         1
 Sandblast                Erth           0%         2d4       94%         1
 Slow                     Hex            0%         N/A       94%         1
 Blink                    Tloc           0%         N/A       98%         2
 Ensorcelled Hibernation  Hex/Ice        0%         N/A       98%         2
 Passwall                 Tmut/Erth      0%         N/A       98%         2
 Poisonous Vapours        Pois/Air       0%         N/A       98%         2
 Static Discharge         Conj/Air       0%         3-3/arc   98%         2
 Sublimation of Blood     Necr           0%         N/A       98%         2
 Wereblood                Tmut           0%         N/A       98%         2
 Confusing Touch          Hex            0%         N/A       100%        3
 Conjure Flame            Conj/Fire      0%         6-21      100%        3
 Gell's Gravitas          Tloc           0%         N/A       100%        3
 Ignite Poison            Fire/Tmut/Pois 0%         N/A       100%        3
 Inner Flame              Hex/Fire       0%         N/A       100%        3
 Lesser Beckoning         Tloc           0%         N/A       100%        3
 Mephitic Cloud           Conj/Pois/Air  0%         N/A       100%        3
 Ozocubu's Armour         Ice            0%         N/A       100%        3
 Portal Projectile        Hex/Tloc       0%         N/A       100%        3
 Spider Form              Tmut/Pois      0%         N/A       100%        3
 Stone Arrow              Conj/Erth      0%         3d7       100%        3
 Swiftness                Air            0%         N/A       100%        3
 Teleport Other           Tloc           0%         N/A       100%        3
 Vampiric Draining        Necr           0%         2d6       100%        3
 Anguish                  Hex/Necr       0%         N/A       100%        4
 Cause Fear               Hex            0%         N/A       100%        4
 Corpse Rot               Necr/Pois/Air  0%         N/A       100%        4
 Dispel Undead            Necr           0%         3d6       100%        4
 Flame Wave               Conj/Fire      0%         2d4       100%        4
 Fulminant Prism          Conj/Hex       0%         3d6       100%        4
 Hailstorm                Conj/Ice       0%         3d3       100%        4
 Iskenderun's Mystic Bla  Conj/Tloc      0%         2d3       100%        4
 Leda's Liquefaction      Hex/Erth       0%         N/A       100%        4
 Olgreb's Toxic Radiance  Pois           0%         N/A       100%        4
 Petrify                  Tmut/Erth      0%         N/A       100%        4
 Alistair's Intoxication  Tmut/Pois      0%         N/A       100%        5
 Blade Hands              Tmut           0%         N/A       100%        5
 Borgnjor's Vile Clutch   Necr/Erth      0%         N/A       100%        5
 Fireball                 Conj/Fire      0%         3d3       100%        5
 Freezing Cloud           Conj/Ice/Air   0%         6-21      100%        5
 Irradiate                Conj/Tmut      0%         3d11      100%        5
 Iskenderun's Battlesphe  Conj           0%         2d6       100%        5
 Lee's Rapid Deconstruct  Erth           0%         3d5*      100%        5
 Lightning Bolt           Conj/Air       0%         1d11      100%        5
 Manifold Assault         Tloc           0%         N/A       100%        5
 Yara's Violent Unravell  Hex/Tmut       0%         3d3       100%        5
 Conjure Ball Lightning   Conj/Air       0%         3x3d6     100%        6
 Dispersal                Tloc           0%         N/A       100%        6
 Eringya's Noxious Bog    Tmut/Pois      0%         N/A       100%        6
 Iron Shot                Conj/Erth      0%         9d1       100%        6
 Statue Form              Tmut/Erth      0%         N/A       100%        6
 Dragon Form              Tmut           0%         N/A       100%        7
 Enfeeble                 Hex            0%         N/A       100%        7
 Orb of Destruction       Conj           0%         9d5       100%        7
 Ozocubu's Refrigeration  Ice            0%         4d7       100%        7
 Storm Form               Tmut/Air       0%         N/A       100%        7
 Borgnjor's Revivificati  Necr           0%         N/A       100%        8
 Discord                  Hex            0%         N/A       100%        8
 Disjunction              Tloc           0%         N/A       100%        8
 Ignition                 Fire           0%         3d3       100%        8
 Maxwell's Capacitive Co  Air            0%         ∞         100%        8
 Necromutation            Tmut/Necr      0%         N/A       100%        8
 Death's Door             Necr           0%         N/A       100%        9
 Polar Vortex             Ice            0%         N/A       100%        9
 Summon Small Mammal      Summ           Unusable   N/A       N/A         1
 Call Canine Familiar     Summ           Unusable   N/A       N/A         3
 Summon Guardian Golem    Hex/Summ       Unusable   N/A       N/A         3
 Tukima's Dance           Hex            Unusable   N/A       N/A         3
 Animate Armour           Summ/Erth      Unusable   N/A       N/A         4
 Summon Ice Beast         Ice/Summ       Unusable   N/A       N/A         4
 Summon Lightning Spire   Summ/Air       Unusable   N/A       N/A         4
 Summon Forest            Summ/Tloc      Unusable   N/A       N/A         5
 Summon Mana Viper        Hex/Summ       Unusable   N/A       N/A         5
 Death Channel            Necr           Unusable   N/A       N/A         6
 Simulacrum               Ice/Necr       Unusable   N/A       N/A         6
 Summon Cactus Giant      Summ           Unusable   N/A       N/A         6
 Malign Gateway           Summ/Tloc      Unusable   N/A       N/A         7
 Monstrous Menagerie      Summ           Unusable   N/A       N/A         7
 Spellforged Servitor     Conj/Summ      Unusable   N/A       N/A         7
 Summon Hydra             Summ           Unusable   N/A       N/A         7
 Summon Horrible Things   Summ           Unusable   N/A       N/A         8
 Dragon's Call            Summ           Unusable   N/A       N/A         9

Dungeon Overview and Level Annotations

Branches:
Dungeon (15/15)            Temple (1/1) D:5            Lair (5/5) D:10
  Swamp (4/4) Lair:3       Spider (4/4) Lair:2        Slime (5/5) Lair:5
    Orc (2/2) D:11            Elf (3/3) Orc:2        Vaults (5/5) D:14
  Crypt (3/3) Vaults:3       Tomb (0/3) Crypt:3      Depths (4/4) D:15
    Zot (0/5) Depths:4    Volcano (visited)          WizLab (visited)
Gauntlet (visited)

Altars:
Ashenzari
Cheibriados
Dithmenos
Elyvilon
Fedhas
Gozag
Hepliaklqana
Kikubaaqudgha
Makhleb
Nemelex Xobeh
Okawaru
Qazlal
Ru
Sif Muna
Trog
Uskayaw
Vehumet
Wu Jian
Xom
Yredelemnul
Zin
The Shining One
Jiyva

Shops:
D:2 (   D:13 [   D:14 !   Orc:1 ?   Orc:2 =(([   Elf:2 =*((!   Vaults:4 =

Portals:
Hell: Depths:1 Depths:2 Depths:3 Depths:4
Abyss: Depths:3
Pandemonium: Depths:2 Depths:4
Ziggurat: Depths:4

Annotations:
Vaults:1 3 runed translucent doors, PanSaczeczos's ghost, adept MiGl; PanSaczeczos's ghost, adept MiHu
Crypt:1 3 runed translucent doors, Heot Zafel's ghost, veteran MiGl; Hynnuzim's ghost, veteran CeHu; Vailuoroe's ghost, veteran GrEE


Innate Abilities, Weirdness & Mutations

You have a pair of horns on your head.
You reflexively headbutt those who attack you in melee.
You are partially covered in large bone plates. (SH +4)
Armour fits poorly on your strangely shaped body.
You are dopey. (Int -2)
You are frail. (-10% HP)
Potions are less effective at restoring your health.


Message History

The Brimstone Fiend is moderately wounded.
You hit the Brimstone Fiend.
You block the Brimstone Fiend's attack. x3
The Brimstone Fiend calls on the powers of darkness!
Your body is wracked with pain!
* * * LOW HITPOINT WARNING * * *
You slash the Brimstone Fiend!
You headbutt the Brimstone Fiend, but do no damage.
The Brimstone Fiend is moderately wounded.
You hit the Brimstone Fiend but do no damage.
The Brimstone Fiend calls on the powers of darkness!
Your body is wracked with pain!
* * * LOW HITPOINT WARNING * * *
You slash the Brimstone Fiend! You headbutt the Brimstone Fiend!
The Brimstone Fiend is heavily wounded.
You hit the Brimstone Fiend.
You block the Brimstone Fiend's attack. x2
The Brimstone Fiend hits you but does no damage.
You hit the Brimstone Fiend. You headbutt the Brimstone Fiend.
The Brimstone Fiend is heavily wounded.
You barely miss the Brimstone Fiend.
You block the Brimstone Fiend's attack. x2
The Brimstone Fiend misses you. The Brimstone Fiend gestures at you.
The sphere of damnation explodes!
The damnation engulfs you!
* * * LOW HITPOINT WARNING * * *
The damnation engulfs the Brimstone Fiend.
The Brimstone Fiend completely resists.
The damnation engulfs the Brimstone Fiend.
The Brimstone Fiend completely resists.
You slice the Brimstone Fiend!!
The Brimstone Fiend is almost dead.
You hit the Brimstone Fiend but do no damage.
The Brimstone Fiend gestures at you.
The sphere of damnation explodes!
The damnation engulfs you!!
* * * LOW HITPOINT WARNING * * *
The damnation engulfs the Brimstone Fiend.
The Brimstone Fiend completely resists.
The damnation engulfs the Brimstone Fiend.
The Brimstone Fiend completely resists.
The Brimstone Fiend gestures at you.
The sphere of damnation explodes!
The damnation engulfs you!!!
You die...

#...#
#.....................#
#...#
#.....................##
....#
#.......................
....#
#.......................
....#
#.......................
....#
#......3..###.........##
....# #.........#
#.........# ....#
#......11.# #.........#
....# #......@..#
#.........# ....#
#.........# #.........#
....# #.........#
#.........# ....#
#.........# #.........#
....# #.........#
#.........# ....#
#.........# #.......∩.#
....# #.........#
#.........# ....#
#.........# #.........#
....# #.........#
#.........#


You could see 2 Brimstone Fiends and a neqoxec.

Vanquished Creatures
  Dissolution (Slime:3)
  the Royal Jelly (Slime:5)
  A dread lich (Vaults:5)
  2 ancient liches
  Mennas (Depths:3)
  A juggernaut (Depths:3)
  Sojobo (Crypt:1)
  A pandemonium lord (Pan)
  Vv (Crypt:2)
  Parghit (Depths:4)
  Frederick (Depths:4)
  Margery (Vaults:3)
  A Head Instructor (WizLab)
  5 caustic shrikes (Depths:3)
  Saint Roka (Depths:3)
  4 golden dragons
  Jory (Depths:3)
  A Brimstone Fiend (Pan)
  3 Tzitzimimeh
  A doom hound (Crypt:3)
  3 bone dragons
  2 hellephants (Abyss:3)
  A walking crystal tome (Depths:3)
  Jorgrun (Spider:1)
  8 tentacled monstrosities
  3 deep elf blademasters
  2 deep elf master archers (Elf:3)
  5 titans (Vaults:5)
  7 liches
  5 quicksilver dragons
  A walking divine tome (Depths:4)
  7 tentacled starspawn
  23 acid blobs
  Asterion (Vaults:3)
  5 sphinxes
  2 Executioners (Pan)
  A thorn hunter (Swamp:4)
  7 ancient champions
  Gastronok (D:8)
  9 shadow dragons
  7 tengu reavers
  Roxanne (D:15)
  4 storm dragons
  2 revenants (Crypt:3)
  Kirke (Spider:1)
  12 azure jellies
  9 rockslimes
  4 frost giants
  2 fire giants
  2 orc warlords
  4 iron dragons
  5 deep elf sorcerers (Elf:3)
  A draconian stormcaller (Depths:4)
  4 curse skulls
  7 balrugs
  A ghost moth (shapeshifter) (Vaults:5)
  Louise (Spider:1)
  4 ghost moths
  17 vault wardens
  6 emperor scorpions
  5 ghouls
  A draconian shifter (Abyss:3)
  2 deep elf elementalists (Elf:3)
  16 ironbound preservers
  A cacodemon (Pan)
  6 spriggan defenders (Depths:3)
  12 quicksilver oozes
  5 war gargoyles
  14 stone giants
  A demonspawn blood saint (Pan)
  5 ironbound thunderhulks
  A juggernaut skeleton (Crypt:3)
  4 reapers
  18 very ugly things
  4 broodmothers
  12 deep elf demonologists
  A starflower (Abyss:2)
  3 demonspawn black suns (Pan)
  5 eleionomae
  12 vampire knights
  2 spectral hellephants (Crypt:3)
  2 green draconians (Depths:4)
  7 deep elf annihilators
  4 entropy weavers
  A minotaur (Gauntlet)
  4 bunyips
  A lorocyproca (Pan)
  Azrael (Elf:1)
  13 dire elephants
  9 spark wasps
  A black draconian (Depths:4)
  A white draconian (Depths:4)
  3 eidola (Crypt:2)
  6 green deaths
  2 spectral elves (Crypt:3)
  2 crystal guardians (Vaults:2)
  4 fire dragons
  12 ettins
  16 deep elf death magi
  10 blizzard demons
  Fannar (D:11)
  7 jiangshi (Crypt:1)
  8 deep elf high priests
  12 great orbs of eyes
  4 quicksilver dragon skeletons (Crypt:1)
  6 ice dragons
  14 hydras
  8 yaktaur captains
  2 spriggan skeletons
  2 rakshasas
  10 boulder beetles
  2 ogre magi
  4 jorogumos
  A spectral tengu (Depths:4)
  39 vault guards
  4 hell beasts
  4 catoblepae
  10 ironbound frosthearts
  2 juggernaut simulacra (Pan)
  A fenstrider witch skeleton (Crypt:1)
  2 peacekeepers
  3 ghost crabs
  9 spriggan air magi
  10 two-headed ogres
  22 centaur warriors
  Erica (D:11)
  10 deep troll shamans
  3 radroaches
  23 dancing weapons
  17 alligators
  2 death knights
  4 hell hogs
  13 vampire magi
  20 tengu warriors
  12 death yaks (Lair:5)
  5 thrashing horrors
  12 hell knights
  A titan skeleton (Abyss:2)
  10 deep troll earth magi
  3 orc high priests (Orc:2)
  7 spriggan berserkers
  17 deep elf knights
  Urug (Lair:4)
  7 soul eaters
  24 sun demons
  18 large abominations
  22 spriggans
  A pharaoh ant (Spider:4)
  A salamander mystic (WizLab)
  A storm dragon skeleton (Crypt:2)
  4 wretched stars
  5 shadow wraiths
  5 goliath frogs
  12 iron trolls
  5 sixfirhies
  2 spatial maelstroms (Abyss:3)
  A tengu zombie (Vaults:1)
  2 glowing orange brains
  A sun moth (Spider:4)
  65 deep trolls
  2 quicksilver dragon simulacra (Depths:3)
  28 skeletal warriors
  5 swamp dragons
  An orb spider (shapeshifter) (Vaults:5)
  12 bog bodies
  7 orb spiders
  8 steelbarb worms
  5 flayed ghosts
  A death drake (Abyss:3)
  10 phantasmal warriors
  4 spriggan druids
  11 ironbound convokers
  11 deep elf archers
  14 orc knights
  9 wizards
  3 harpies (Vaults:3)
  4 mana vipers (WizLab)
  2 golden dragon skeletons (Crypt:1)
  13 lindwurms
  A jorogumo zombie (Crypt:3)
  23 deep elf zephyrmancers
  7 shining eyes
  33 deep elf pyromancers
  An oklob plant (Lair:5)
  11 necromancers
  17 wolf spiders
  A shining eye (shapeshifter) (Vaults:5)
  51 ugly things
  A salamander (Depths:1)
  6 orc sorcerers
  A shadow dragon skeleton (Crypt:1)
  6 cyclopes
  3 moths of wrath (Spider:4)
  5 manticores
  5 black mambas
  2 stone giant skeletons
  4 worldbinders
  3 will-o-the-wisps
  A naga mage (WizLab)
  A dire elephant zombie (Crypt:2)
  10 elephants
  17 vault sentinels
  4 eyes of devastation
  An alligator snapping turtle zombie (Crypt:1)
  A fire giant skeleton (Vaults:1)
  9 torpor snails
  2 rust devils
  10 smoke demons
  A gargoyle (D:12)
  10 cane toads
  3 hellions
  6 ice statues
  6 orange demons
  A red draconian zombie (Crypt:3)
  A redback zombie (Crypt:2)
  A rime drake (Lair:5)
  17 demonic crawlers
  A sea snake zombie (Crypt:3)
  2 kobold demonologists
  2 dire elephant skeletons
  6 tormentors
  3 unseen horrors
  25 yaktaurs
  Psyche (D:12)
  4 hellwings
  8 tengu conjurers
  An unseen horror skeleton (Crypt:2)
  5 unseen horror zombies (D:9)
  6 freezing wraiths
  11 komodo dragons
  9 ice devils
  An ancient zyme (Abyss:2)
  5 trolls
  9 tyrant leeches
  A red devil (Depths:2)
  A minotaur skeleton (Crypt:2)
  A harpy skeleton (Crypt:3)
  9 meliai
  3 bloated husks
  A wind drake (shapeshifter) (Vaults:5)
  24 tarantellas
  17 hornets
  2 hornets (shapeshifter)
  3 raiju (Abyss:2)
  119 slime creatures
  41 blink frogs
  A guardian serpent zombie (Crypt:3)
  3 human simulacra
  4 dream sheep (Lair:2)
  23 jumping spiders
  9 culicivoras
  9 starcursed masses
  A vampire (D:14)
  2 fire dragon skeletons (Crypt:1)
  2 air elementals (Elf:3)
  A black mamba zombie (Crypt:3)
  An ice dragon skeleton (Crypt:2)
  2 shadows
  5 wyverns
  9 flying skulls
  An elf skeleton (Vaults:5)
  A water elemental (Elf:1)
  74 yaks
  14 ynoxinuls
  A spriggan (shapeshifter) (D:15)
  9 wraiths
  4 neqoxecs (Pan)
  5 basilisks
  3 fire bats (Lair:4)
  A steam dragon (D:6)
  7 hogs (Spider:1)
  Grum (D:8)
  12 fire elementals
  11 golden eyes
  34 redbacks
  7 chaos spawn
  3 wargs
  13 vampire mosquitoes
  2 glowing shapeshifter zombies
  12 swamp worms
  A spatial vortex (Abyss:3)
  A swamp worm (shapeshifter) (D:12)
  An acid dragon (D:9)
  14 water moccasins
  4 hell hounds
  A floating eye (Depths:3)
  A glowing shapeshifter skeleton (Vaults:3)
  4 black bears
  3 swamp drakes (Swamp:3)
  2 ice beasts
  37 orc warriors
  A hog zombie (Crypt:1)
  9 wolves
  A swamp dragon skeleton (Crypt:3)
  4 ettin simulacra (Depths:3)
  9 boggarts
  12 ogres
  A golden eye zombie (Crypt:2)
  2 centaurs
  A phantom (D:7)
  4 elf zombies
  A human zombie (Vaults:3)
  3 kobold brigands
  2 wyvern zombies (D:9)
  4 necrophages
  A komodo dragon zombie (Crypt:2)
  2 gnoll sergeants
  11 bullfrogs
  An earth elemental (Elf:1)
  A scorpion (D:5)
  35 wights
  22 killer bees
  A raiju zombie (Crypt:1)
  A shapeshifter skeleton (Crypt:3)
  5 howler monkeys
  9 electric eels
  2 quasits
  2 centaur zombies (D:9)
  A hound (D:6)
  4 jellies
  22 orc priests
  2 gnoll boudas (D:8)
  4 iguanas
  33 orc wizards
  A killer bee zombie (D:9)
  7 small abominations
  An ogre zombie (Crypt:1)
  A tengu skeleton (Crypt:1)
  A naga skeleton (Crypt:1)
  5 howler monkey zombies (D:9)
  20 gnolls
  9 adders
  2 shadow imps
  3 white imps
  An ufetubus (D:5)
  A lava snake skeleton (Crypt:2)
  An adder zombie (Crypt:3)
  2 worms (D:2)
  A dart slug (D:4)
  82 orcs
  12 ball pythons
  6 endoplasms
  3 giant cockroaches
  11 goblins
  5 hobgoblins
  20 kobolds
  4 quokkas
  A ball python zombie (Crypt:2)
  A bat (D:1)
  2 frilled lizards (D:1)
  An orc skeleton (Crypt:1)
  6 rats
  2 briar patches (Swamp:4)
  A lurking horror (Abyss:3)
  7 starspawn tentacles
2514 creatures vanquished.

Vanquished Creatures (others)
  A quicksilver dragon (Vaults:5)
  A deep elf high priest (Depths:3)
  An ice dragon (Depths:2)
  A hydra (Swamp:3)
  A glowing orange brain (Depths:3)
  A harpy (shapeshifter) (Elf:1)
  A deep elf pyromancer (Elf:3)
  A bloated husk (Swamp:4)
  A hornet (Swamp:2)
  A chaos spawn (Pan)
  A neqoxec (Pan)
  An orc priest (Orc:2)
  An orc wizard (Orc:2)
  6 foxfires
  36 fungi
  45 plants
  16 starspawn tentacles
  14 withered plants (D:9)
130 creatures vanquished.

Grand Total: 2644 creatures vanquished

Notes
Turn   | Place    | Note
-------+----------+-------------------------------------------
     0 | D:1      | Earthwalker the Minotaur Fighter began the quest for the
                  | Orb.
     0 | D:1      | Reached XP level 1. HP: 19/19 MP: 0/0
   342 | D:1      | Reached XP level 2. HP: 26/27 MP: 1/1
   811 | D:2      | Reached skill level 1 in Dodging
   848 | D:2      | Found Umaetim's Weapon Shoppe.
   864 | D:2      | Found a burning altar of Makhleb.
   909 | D:2      | Reached skill level 4 in Fighting
   909 | D:2      | Reached XP level 3. HP: 22/33 MP: 2/2
  1754 | D:3      | Reached XP level 4. HP: 36/40 MP: 3/3
  2832 | D:4      | Reached XP level 5. HP: 25/47 MP: 4/4
  2988 | D:4      | Reached XP level 6. HP: 55/55 MP: 5/5
  3002 | D:4      | Reached skill level 5 in Fighting
  3002 | D:4      | Reached skill level 5 in Armour
  3002 | D:4      | Reached skill level 5 in Shields
  3265 | D:5      | Entered Level 5 of the Dungeon
  3291 | D:5      | Noticed an orc warrior
  3313 | D:5      | Killed an orc warrior
  3453 | D:5      | Reached XP level 7. HP: 45/61 MP: 6/6
  3800 | D:5      | Reached skill level 5 in Axes
  3929 | D:5      | Found a staircase to the Ecumenical Temple.
  3945 | Temple   | Entered the Ecumenical Temple
  4723 | D:5      | Reached skill level 6 in Fighting
  4956 | D:5      | Reached XP level 8. HP: 70/70 MP: 7/7
  5201 | D:5      | Identified the +2 pair of boots of Elerelaym {rPois Will+
                  | Regen+ Int+3}
  5553 | D:6      | Reached skill level 5 in Dodging
  5673 | D:6      | Reached skill level 7 in Fighting
  5724 | D:6      | Reached XP level 9. HP: 74/79 MP: 8/8
  6805 | D:7      | Found a white marble altar of Elyvilon.
  6832 | D:7      | Found an iron altar of Okawaru.
  6837 | D:7      | Became a worshipper of Warmaster Okawaru
  7014 | D:8      | Noticed Gastronok
  7014 | D:8      | Noticed Grum
  7021 | D:8      | Reached skill level 8 in Fighting
  7115 | D:8      | Noticed a two-headed ogre
  7127 | D:8      | Reached * piety under Okawaru
  7129 | D:8      | Killed a two-headed ogre
  7130 | D:8      | Reached XP level 10. HP: 90/90 MP: 9/9
  7233 | D:9      | Reached ** piety under Okawaru
  7281 | D:9      | Reached skill level 9 in Fighting
  7298 | D:9      | Reached *** piety under Okawaru
  7299 | D:9      | Noticed a green ugly thing
  7337 | D:8      | Killed Grum
  7824 | D:9      | Reached **** piety under Okawaru
  7909 | D:8      | Reached XP level 11. HP: 99/99 MP: 10/10
  7950 | D:9      | Killed a green ugly thing
  7951 | D:9      | Reached skill level 10 in Fighting
  7951 | D:9      | Reached skill level 10 in Armour
  7951 | D:9      | Reached skill level 10 in Shields
  8230 | D:10     | Entered Level 10 of the Dungeon
  8839 | D:10     | Found a staircase to the Lair.
  8873 | D:10     | Identified a scroll of acquirement
  8873 | D:10     | Acquired a manual of Axes
  8996 | D:10     | Reached skill level 10 in Axes
  8997 | D:10     | Reached ***** piety under Okawaru
  9136 | D:10     | Noticed a white ugly thing
  9145 | D:10     | Killed a white ugly thing
  9575 | D:11     | Noticed a sun demon
  9917 | D:11     | Noticed Fannar
  9961 | D:11     | Killed Fannar
 10009 | D:11     | Noticed Erica
 10040 | D:11     | Killed Erica
 10452 | D:11     | Reached skill level 11 in Fighting
 10882 | D:11     | Found a staircase to the Orcish Mines.
 10961 | D:12     | Found a blossoming altar of Fedhas.
 10972 | D:12     | Found a gate leading to a gauntlet.
 10985 | D:12     | Received a gift from Okawaru
 11009 | Gauntlet | Entered a Gauntlet
 11009 | Gauntlet | Found a transporter.
 11016 | Gauntlet | Noticed a catoblepas
 11022 | Gauntlet | Found a transporter.
 11034 | Gauntlet | Found a transporter.
 11036 | Gauntlet | Noticed a hell beast
 11039 | Gauntlet | Noticed a hell hog
 11040 | Gauntlet | Found a transporter.
 11055 | Gauntlet | Found a transporter.
 11074 | Gauntlet | Found a transporter.
 11082 | Gauntlet | Noticed a death drake
 11086 | Gauntlet | Found a transporter.
 11098 | Gauntlet | Found a transporter.
 11106 | Gauntlet | Noticed a cacodemon
 11107 | Gauntlet | Noticed a thrashing horror
 11110 | Gauntlet | Found a transporter.
 11118 | Gauntlet | Found a large runed translucent door.
 11118 | Gauntlet | Noticed a brown ugly thing
 11119 | Gauntlet | Found a large runed translucent door.
 11120 | Gauntlet | Found a large runed translucent door.
 11120 | Gauntlet | Found a large runed translucent door.
 11121 | Gauntlet | Found a runed translucent gate.
 11122 | Gauntlet | Found a transporter.
 11122 | Gauntlet | Found a runed translucent gate.
 11122 | Gauntlet | Noticed a great orb of eyes
 11123 | Gauntlet | Found a runed translucent gate.
 11124 | Gauntlet | Found a large runed translucent door.
 11124 | Gauntlet | Found a large runed translucent door.
 11125 | Gauntlet | Found a large runed translucent door.
 11126 | Gauntlet | Found a large runed translucent door.
 11136 | Gauntlet | Found a large runed translucent door.
 11136 | Gauntlet | Found a large runed translucent door.
 11136 | Gauntlet | Found a runed translucent door.
 11136 | Gauntlet | Found a runed translucent door.
 11137 | Gauntlet | Found a large runed translucent door.
 11138 | Gauntlet | Found a large runed translucent door.
 11140 | Gauntlet | Found a transporter.
 11148 | Gauntlet | Found a large runed translucent door.
 11148 | Gauntlet | Found a large runed translucent door.
 11149 | Gauntlet | Found a large runed translucent door.
 11150 | Gauntlet | Found a large runed translucent door.
 11158 | Gauntlet | Found a transporter.
 11160 | Gauntlet | Found a transporter.
 11191 | Gauntlet | Found a transporter.
 11202 | Gauntlet | Reached XP level 12. HP: 110/110 MP: 11/11
 11228 | Gauntlet | Found a transporter.
 11230 | Gauntlet | Found a transporter.
 11231 | Gauntlet | Identified the +6 mace "Mucol" {flame, rF- rN+ Stlth+}
 11235 | Gauntlet | Found a transporter.
 11238 | Gauntlet | Found a transporter.
 11448 | Gauntlet | Reached skill level 10 in Dodging
 11495 | Gauntlet | Noticed a minotaur
 11512 | Gauntlet | Killed a minotaur
 11598 | Gauntlet | Got Lumm's Omnibus of Lithic Conduction
 11757 | D:12     | Reached ****** piety under Okawaru
 11826 | D:12     | Noticed Psyche
 11834 | D:12     | Killed Psyche
 11834 | D:12     | Identified the +8 hand axe of Bano {flame, rF+ rN++ Dex+3
                  | Stlth-} (Okawaru gifted it to you on level 12 of the
                  | Dungeon)
 11834 | D:12     | Received a gift from Okawaru
 11855 | D:12     | Noticed a two-headed ogre
 11862 | D:12     | Killed a two-headed ogre
 12027 | D:12     | Reached skill level 12 in Fighting
 12298 | Orc:1    | Entered Level 1 of the Orcish Mines
 12307 | Orc:1    | Found Ziceam's Magic Scroll Emporium.
 12384 | Orc:1    | Reached skill level 1 in Invocations
 12687 | Orc:2    | Entered Level 2 of the Orcish Mines
 12692 | Orc:1    | Reached skill level 1 in Throwing
 12692 | Orc:1    | Reached skill level 1 in Stealth
 12842 | Orc:2    | Found a staircase to the Elven Halls.
 13204 | Orc:1    | Found a runed translucent door.
 13539 | Orc:2    | Identified the +7 short sword of Soamu {vorpal, Int-2 Dex+3
                  | SInv} (Okawaru gifted it to you on level 2 of the Orcish
                  | Mines)
 13539 | Orc:2    | Received a gift from Okawaru
 13836 | Orc:2    | Reached XP level 13. HP: 100/119 MP: 13/13
 14772 | Orc:2    | Identified the +4 hand axe of Monan {freeze, +Blink rPois
                  | rN+++ Dex+3} (Okawaru gifted it to you on level 2 of the
                  | Orcish Mines)
 14772 | Orc:2    | Received a gift from Okawaru
 14795 | Orc:2    | Found Soophun's Antique Weapon Shoppe.
 14795 | Orc:2    | Found Buofaoxe's Antique Armour Boutique.
 14798 | Orc:2    | Found Zoul Reju's Antique Weapon Boutique.
 14798 | Orc:2    | Found Jeffeidgh's Jewellery Shoppe.
 15070 | Orc:1    | Bought a scroll of enchant armour for 75 gold pieces
 15070 | Orc:1    | Bought a scroll of enchant weapon for 75 gold pieces
 15203 | D:8      | Killed Gastronok
 15459 | Lair:1   | Entered Level 1 of the Lair of Beasts
 16644 | Lair:2   | Received a gift from Okawaru
 16898 | Lair:2   | Reached skill level 13 in Fighting
 17020 | Lair:2   | Reached skill level 15 in Axes
 17176 | Lair:2   | Reached XP level 14. HP: 129/129 MP: 16/16
 17275 | Lair:2   | Found a hole to the Spider Nest.
 17647 | Lair:3   | Found a staircase to the Swamp.
 17672 | Lair:3   | Identified the +2 war axe of Armageddon {flame, Str+4}
 18107 | Lair:3   | Reached skill level 5 in Invocations
 18139 | Lair:3   | Acquired 723 gold pieces
 18524 | Lair:4   | Reached skill level 5 in Throwing
 18635 | Lair:4   | Found a dark tunnel.
 18644 | Volcano  | Entered a volcano
 18803 | Volcano  | Reached skill level 5 in Stealth
 19061 | Lair:4   | Noticed Urug
 19085 | Lair:4   | Killed Urug
 19432 | Lair:5   | Entered Level 5 of the Lair of Beasts
 19437 | Lair:5   | Received a gift from Okawaru
 19527 | Lair:5   | Received a gift from Okawaru
 19527 | Lair:5   | Found the +4 robe of Folly {Brilliance Will-∞ Int+8}
 19668 | Lair:5   | Acquired the -2 hat of the Alchemist {rElec rPois rF+ rC+
                  | rN+ Will+ rMut rCorr}
 19668 | Lair:5   | Found the -2 hat of the Alchemist {rElec rPois rF+ rC+ rN+
                  | Will+ rMut rCorr}
 19924 | Lair:5   | Reached skill level 14 in Fighting
 19939 | Lair:5   | Reached XP level 15. HP: 80/138 MP: 18/18
 20006 | Lair:5   | Found a viscous altar of Jiyva.
 20006 | Lair:5   | Found a staircase to the Slime Pits.
 20445 | Lair:5   | Identified the +5 falchion of Baweyfex {antimagic, Int+2}
 21858 | D:13     | Identified the +8 demon blade "Qaatodgh" {drain, Will++
                  | Str+8 Int-2} (Okawaru gifted it to you on level 13 of the
                  | Dungeon)
 21858 | D:13     | Received a gift from Okawaru
 21932 | D:13     | Found Ygorohu's Armour Emporium.
 22428 | D:14     | Found a portal to a secret trove of treasure.
 22469 | D:14     | Found a gate to the Vaults.
 22598 | D:14     | Received a gift from Okawaru
 22874 | D:14     | Found an ancient bone altar of Kikubaaqudgha.
 23147 | D:14     | Received a gift from Okawaru
 23183 | D:14     | Found Zuskomao's Distillery.
 23676 | D:15     | Entered Level 15 of the Dungeon
 23715 | D:15     | Identified the +1 hat "Lihoarphe" {rElec rF+ Int-2}
                  | (Okawaru gifted it to you on level 15 of the Dungeon)
 23715 | D:15     | Received a gift from Okawaru
 23894 | D:15     | Found a broken altar of Ashenzari.
 24476 | D:15     | Found a staircase to the Depths.
 24499 | D:15     | Reached XP level 16. HP: 147/147 MP: 20/20
 24531 | D:15     | Reached skill level 15 in Fighting
 24592 | D:15     | Identified Roxanne's Collected Works on the Caves
 24592 | D:15     | Noticed Roxanne
 24616 | D:15     | Killed Roxanne
 25709 | Orc:1    | Reached XP level 17. HP: 156/156 MP: 22/22
 25921 | Spider:1 | Entered Level 1 of the Spider Nest
 25994 | Spider:1 | Noticed Kirke
 26020 | Spider:1 | Killed Kirke
 26122 | Spider:1 | Noticed Louise
 26214 | Spider:1 | Noticed Jorgrun
 26225 | Spider:1 | Killed Louise
 26385 | Spider:1 | Killed Jorgrun
 26385 | Spider:1 | Received a gift from Okawaru
 26728 | Spider:1 | Found the +7 great mace "Firestarter" {inner flame, rF++}
 26730 | Spider:1 | Identified the +7 plate armour of Inviolability {Will++
                  | rCorr Str+2}
 26738 | Spider:1 | Identified the +1 ring mail of Qizu {Contam Harm +Blink
                  | Dex+7}
 26840 | Spider:2 | Reached skill level 15 in Armour
 27570 | Spider:2 | Received a gift from Okawaru
 28172 | Spider:2 | Identified the +4 flail of the Throat {drain, *Rage rF+
                  | Int+2 Dex+3} (Okawaru gifted it to you on level 2 of the
                  | Spider Nest)
 28172 | Spider:2 | Received a gift from Okawaru
 28959 | Spider:4 | Entered Level 4 of the Spider Nest
 29054 | Spider:4 | Identified the +3 ring mail of Vexation {Harm Rampage rC+}
                  | (Okawaru gifted it to you on level 4 of the Spider Nest)
 29054 | Spider:4 | Received a gift from Okawaru
 29091 | Spider:4 | Reached skill level 16 in Fighting
 29556 | Spider:4 | Reached XP level 18. HP: 157/166 MP: 24/24
 30396 | Spider:4 | Reached skill level 10 in Invocations
 30456 | Spider:4 | Got a gossamer rune of Zot
 31607 | Swamp:1  | Entered Level 1 of the Swamp
 31739 | Swamp:1  | Found the +3 Elemental Staff {rElec rF++ rC++ AC+5}
 31887 | Swamp:1  | Reached skill level 10 in Throwing
 31902 | Swamp:1  | Received a gift from Okawaru
 32287 | Swamp:1  | Reached skill level 15 in Shields
 32428 | Swamp:2  | Identified the +2 plate armour of the Blessed Realm
                  | {Slay+2} (Okawaru gifted it to you on level 2 of the Swamp)
 32428 | Swamp:2  | Received a gift from Okawaru
 32927 | Swamp:2  | You fall into a shaft and drop 1 floor!
 32978 | Swamp:3  | Noticed a tentacled monstrosity
 32986 | Swamp:3  | Killed a tentacled monstrosity
 33767 | Swamp:4  | Entered Level 4 of the Swamp
 33829 | Swamp:4  | Reached skill level 17 in Fighting
 33999 | Swamp:4  | Reached skill level 10 in Stealth
 34034 | Swamp:4  | Identified the +1 ring mail of Complete Protection {rCorr
                  | Dex+6}
 34206 | Swamp:4  | Identified the +3 leather armour of the Poles {rF+ Dex+3}
 34222 | Swamp:4  | Received a gift from Okawaru
 34379 | Swamp:4  | Reached XP level 19. HP: 177/177 MP: 25/25
 34751 | Swamp:4  | Got a decaying rune of Zot
 35851 | Elf:1    | Entered Level 1 of the Elven Halls
 35974 | Elf:1    | Noticed Azrael
 35990 | Elf:1    | Killed Azrael
 36036 | Elf:1    | Found a magical portal.
 36041 | WizLab   | Entered Yara's Duelist Academy
 36083 | WizLab   | Received a gift from Okawaru
 36643 | WizLab   | Noticed Delut
 36660 | WizLab   | Killed Delut the Head Instructor
 36764 | WizLab   | Found the +5 demon whip "Spellbinder" {antimagic, Will+}
 36797 | WizLab   | Got the Meditations on Assembled Attacks
 37045 | Elf:1    | Identified the +9 glaive "Nifeng Geere" {elec, Int+2 SInv}
 37517 | Elf:1    | Identified the +1 robe of Winter {Rampage *Slow Fly rC++}
                  | (Okawaru gifted it to you on level 1 of the Elven Halls)
 37517 | Elf:1    | Received a gift from Okawaru
 37539 | Elf:1    | Gained mutation: You are partially covered in large bone
                  | plates. (SH +4) [a cacodemon]
 38197 | Elf:1    | Got the Excursus on Stolen Souls
 38451 | Elf:1    | Reached skill level 18 in Fighting
 39240 | Elf:2    | Found Wiec's Antique Weapon Boutique.
 39474 | Elf:2    | Found a runed translucent gate.
 39474 | Elf:2    | Found a runed translucent gate.
 39486 | Elf:2    | Found a runed translucent gate.
 39532 | Elf:2    | Found Lohus's Jewellery Emporium.
 39621 | Elf:2    | Bought a ring of see invisible for 255 gold pieces
 39766 | Elf:2    | Noticed a Brimstone Fiend
 39784 | Elf:2    | Found Piasuim's Assorted Antiques.
 39793 | Elf:2    | Found Boxtoa's Antique Weapon Shop.
 39880 | Elf:2    | Found Juvazxua's Distillery.
 40553 | Abyss:2  | Cast into level 2 of the Abyss (+2 halberd of distortion)
 40577 | Abyss:2  | Reached XP level 20. HP: 175/189 MP: 27/27
 40848 | Abyss:2  | Received a gift from Okawaru
 40963 | Abyss:2  | Identified the +2 pair of boots "Kuaganinn" {Harm} (Okawaru
                  | gifted it to you on level 2 of the Abyss)
 40963 | Abyss:2  | Received a gift from Okawaru
 40987 | Elf:2    | Escaped the Abyss
 41250 | Elf:3    | Entered Level 3 of the Elven Halls
 41264 | Elf:3    | Paralysed by an air elemental for 1 turns
 41421 | Elf:3    | Found a radiant altar of Vehumet.
 41474 | Elf:3    | Gained mutation: Potions are less effective at restoring
                  | your health. [a cacodemon]
 41690 | Elf:3    | Identified the +0 robe "Fopnesab" {MP+9 Stlth+}
 42143 | Elf:3    | Identified the +5 dagger "Vacken" {flame, rC++ Int+3}
 42219 | Elf:3    | Identified the +9 flail of Konaos {vorpal, rN+ Str+6}
 42290 | Elf:3    | Identified the +5 quarterstaff of Zuuxkap {venom, rPois
                  | Str+4 SInv}
 42334 | Elf:3    | Paralysed by an air elemental for 1 turns
 42337 | Elf:3    | Paralysed by an air elemental for 1 turns
 42548 | Elf:3    | Reached skill level 19 in Fighting
 42985 | Elf:3    | Got the Essays on Hexes and Metal
 43116 | Elf:3    | Identified the +1 war axe of Ynorowaf {flame, Fly rN+ MP-9
                  | Stlth+}
 43819 | Elf:2    | Bought a potion of might for 52 gold pieces
 43819 | Elf:2    | Bought a potion of curing for 39 gold pieces
 43819 | Elf:2    | Bought a potion of heal wounds for 65 gold pieces
 43819 | Elf:2    | Bought a potion of attraction for 39 gold pieces
 43819 | Elf:2    | Bought a potion of curing for 39 gold pieces
 43819 | Elf:2    | Bought a potion of curing for 39 gold pieces
 44101 | Slime:1  | Entered Level 1 of the Pits of Slime
 44442 | Slime:1  | Gained mutation: You are frail. (-10% HP) [a shining eye]
 44443 | Slime:1  | Gained mutation: You are dopey. (Int -2) [a shining eye]
 44873 | Slime:1  | Identified the +10 broad axe of Jetiexzi {vamp, rC+ Will-
                  | rCorr Int+8} (Okawaru gifted it to you on level 1 of the
                  | Pits of Slime)
 44873 | Slime:1  | Received a gift from Okawaru
 45716 | Slime:3  | Noticed Dissolution
 45827 | Slime:3  | Paralysed by a floating eye for 2 turns
 45945 | Slime:3  | Paralysed by a floating eye for 2 turns
 45962 | Slime:3  | Killed Dissolution
 46069 | Slime:3  | Received a gift from Okawaru
 46204 | Slime:3  | Reached XP level 21. HP: 179/179 MP: 29/29
 46621 | Slime:3  | Reached skill level 15 in Dodging
 46921 | Slime:5  | Entered Level 5 of the Pits of Slime
 47365 | Slime:5  | Received a gift from Okawaru
 47966 | Slime:5  | Noticed the Royal Jelly
 48138 | Slime:5  | Killed the Royal Jelly
 48227 | Slime:5  | Reached skill level 20 in Fighting
 48290 | Slime:5  | Identified the ring "Munuiczu" {Will+ Int+2}
 48346 | Slime:5  | Got a slimy rune of Zot
 48347 | Slime:5  | Identified the +12 spear of Valiance {venom, rF+}
 48356 | Slime:5  | Identified the +9 hand axe "Soceng" {vorpal, Str+2}
 48370 | Slime:5  | Identified the +1 ring mail of Patience {Rampage rPois
                  | Str-2}
 48961 | Slime:5  | Identified the +9 chain mail of a bailey {Rampage}
 49611 | Vaults:1 | Entered Level 1 of the Vaults
 49955 | Vaults:1 | Received a gift from Okawaru
 50253 | Vaults:1 | Found a runed translucent gate.
 50254 | Vaults:1 | Found a runed translucent gate.
 50254 | Vaults:1 | Found a runed translucent gate.
 50254 | Vaults:1 | Noticed PanSaczeczos's ghost (adept MiHu)
 50254 | Vaults:1 | Noticed PanSaczeczos's ghost (adept MiGl)
 50257 | Vaults:1 | Got the Compilation of Forceful Accomplices
 52234 | Vaults:2 | Reached XP level 22. HP: 189/189 MP: 31/31
 52498 | Vaults:2 | Received a gift from Okawaru
 52813 | Vaults:3 | Noticed Asterion
 52831 | Vaults:3 | Killed Asterion
 53190 | Vaults:3 | Identified the +1 leather armour of Subjectivity {Rampage
                  | Will- Int+2 Dex+3}
 53286 | Vaults:3 | Noticed Margery
 53299 | Vaults:3 | Killed Margery
 53310 | Vaults:3 | Reached skill level 21 in Fighting
 53364 | Vaults:3 | Found a staircase to the Crypt.
 53640 | Vaults:3 | Received a gift from Okawaru
 54396 | Vaults:4 | Found Qomu's Jewellery Emporium.
 54755 | Vaults:4 | Received a gift from Okawaru
 54761 | Vaults:4 | Identified the +9 battleaxe of Kyehu {flame, rF- Str+7}
 55122 | Vaults:5 | Entered Level 5 of the Vaults
 55182 | Vaults:5 | Reached XP level 23. HP: 180/198 MP: 25/32
 55187 | Vaults:5 | Received a gift from Okawaru
 55348 | Vaults:5 | Identified the +3 crystal plate armour of the Saviour {Fly
                  | rC- Int-4 SInv} (Okawaru gifted it to you on level 5 of the
                  | Vaults)
 55348 | Vaults:5 | Received a gift from Okawaru
 55449 | Vaults:5 | Reached skill level 22 in Fighting
 55716 | Vaults:5 | Identified the +0 leather armour of the Wary Continents
                  | {rN+ SInv}
 55784 | Vaults:5 | Got the Reference Book on the Salvo
 55988 | Vaults:5 | Got a silver rune of Zot
 56066 | Vaults:5 | Got the Compendium of Transformed Accomplices
 56361 | Vaults:5 | Noticed a dread lich
 56362 | Vaults:5 | Noticed an ancient lich
 56365 | Vaults:5 | Killed a dread lich
 56397 | Vaults:5 | Killed an ancient lich
 56457 | Vaults:5 | Identified the +7 war axe "Qigoinae" {vamp, rPois}
 56994 | Vaults:5 | Identified the +8 tower shield "Givamaz" {Regen+ Str-5
                  | Slay+5} (Okawaru gifted it to you on level 5 of the Vaults)
 56994 | Vaults:5 | Received a gift from Okawaru
 57705 | Vaults:4 | Bought the amulet "Sujek" {Reflect Int+3 SH+5 Stlth+} for
                  | 829 gold pieces
 58074 | Trove    | Entered a treasure trove
 58081 | Trove    | Identified the +7 kite shield of Naogoimo {Harm rF+ rN++
                  | Slay+2}
 58083 | Trove    | Identified the +1 fire dragon scales of Kato {rF++ rC-
                  | Dex+4}
 58086 | Trove    | Identified the +1 pair of boots of Relativism {rC- rN+
                  | Will+}
 58087 | Trove    | Identified the +2 ring mail of Demusoef {rElec rF- Regen+
                  | rCorr}
 58088 | Trove    | Identified the +0 pair of gloves of Nasoemol {rElec SInv}
 58092 | Trove    | Identified the +1 plate armour of Weightlessness {Regen+}
 58239 | Depths:1 | Entered Level 1 of the Depths
 58342 | Depths:1 | Found a gateway to Hell.
 58375 | Depths:1 | Reached XP level 24. HP: 210/210 MP: 32/32
 58626 | Depths:1 | Found Foubuim's Vocational Training.
 58638 | Depths:1 | Bought a manual of Evocations for 1280 gold pieces
 58638 | Depths:1 | Bought a manual of Invocations for 1280 gold pieces
 58733 | Depths:1 | Reached skill level 23 in Fighting
 58862 | Depths:1 | Reached skill level 1 in Evocations
 59288 | Depths:2 | Found a flickering gateway to a bazaar.
 59300 | Bazaar   | Entered a bazaar
 59300 | Bazaar   | Found Vyuthrine's Assorted Antiques.
 59314 | Bazaar   | Found Yppoal's Weapon Emporium.
 59325 | Bazaar   | Found Hyuhisoo's Distillery.
 59331 | Bazaar   | Found Liogant's Weapon Shoppe.
 59354 | Bazaar   | Bought a potion of haste for 130 gold pieces
 59354 | Bazaar   | Bought a potion of haste for 130 gold pieces
 59525 | Depths:2 | Acquired the ring of Husyin {rElec rF+ AC+4 Dex+2}
 59764 | Depths:2 | Found a one-way gate leading to the halls of Pandemonium.
 60028 | Depths:2 | Acquired 823 gold pieces
 60557 | Depths:3 | Found a sparkling altar of Nemelex Xobeh.
 60603 | Depths:3 | Noticed Mennas
 60620 | Depths:3 | Killed Mennas
 60621 | Depths:3 | Reached skill level 15 in Invocations
 60635 | Depths:3 | Noticed Saint Roka
 60649 | Depths:3 | Reached skill level 5 in Evocations
 60689 | Depths:3 | Killed Saint Roka
 60804 | Depths:3 | Found a sacrificial altar of Ru.
 60924 | Depths:3 | Reached skill level 24 in Fighting
 60944 | Depths:3 | Found an opulent altar of Gozag.
 60948 | Depths:3 | Found a one-way gate to the infinite horrors of the Abyss.
 61020 | Depths:3 | Found a glowing golden altar of the Shining One.
 61052 | Depths:3 | Received a gift from Okawaru
 61191 | Depths:3 | Noticed Jory
 61210 | Depths:3 | Killed Jory
 61228 | Depths:3 | Paralysed by a floating eye for 2 turns
 61237 | Depths:3 | Reached XP level 25. HP: 207/222 MP: 33/33
 61245 | Depths:3 | Received a gift from Okawaru
 61265 | Depths:3 | Identified the +1 rapier of the Equinox {spect, rF+ rN++
                  | Int-4 Stlth+}
 61292 | Depths:3 | Identified the +0 chain mail of Lust {Harm Str-3 Int+3
                  | Dex+4}
 61332 | Depths:3 | Received a gift from Okawaru
 61377 | Depths:3 | Noticed a juggernaut
 61383 | Depths:3 | Killed a juggernaut
 61543 | Depths:4 | Entered Level 4 of the Depths
 61561 | Depths:4 | Noticed Frederick
 61577 | Depths:4 | Killed Frederick
 61657 | Depths:4 | Received a gift from Okawaru
 61841 | Depths:4 | Found a gate to the Realm of Zot.
 62007 | Depths:4 | Noticed Parghit
 62066 | Depths:4 | Killed Parghit
 62191 | Depths:4 | Found a one-way gateway to a ziggurat.
 62249 | Depths:4 | Reached skill level 25 in Fighting
 62281 | Depths:4 | Found a hazy altar of Hepliaklqana.
 63289 | Crypt:1  | Entered Level 1 of the Crypt
 63446 | Crypt:1  | Found a runed translucent gate.
 63446 | Crypt:1  | Found a runed translucent gate.
 63446 | Crypt:1  | Found a runed translucent gate.
 63446 | Crypt:1  | Noticed a dread lich
 63446 | Crypt:1  | Noticed Vailuoroe's ghost (veteran GrEE)
 63447 | Crypt:1  | Noticed Hynnuzim's ghost (veteran CeHu)
 63448 | Crypt:1  | Found an ancient bone altar of Kikubaaqudgha.
 63448 | Crypt:1  | Noticed Heot Zafel's ghost (veteran MiGl)
 63937 | Crypt:1  | Identified the ring of the Final Decision {Will++ Dex+6}
 64013 | Crypt:1  | Noticed Sojobo
 64020 | Crypt:1  | Paralysed by an air elemental for 1 turns
 64043 | Crypt:1  | Paralysed by an air elemental for 1 turns
 64053 | Crypt:1  | Paralysed by an air elemental for 1 turns
 64085 | Crypt:1  | Killed Sojobo
 64327 | Crypt:1  | You are sucked into a shaft and drop 1 floor!
 64379 | Crypt:2  | Reached skill level 10 in Evocations
 64622 | Crypt:1  | Identified the +10 falchion of the Butterfly {speed, rCorr}
 64884 | Crypt:2  | Noticed Vv
 64913 | Crypt:2  | Killed Vv
 65356 | Crypt:2  | Received a gift from Okawaru
 65552 | Crypt:3  | Entered Level 3 of the Crypt
 65776 | Crypt:3  | Reached XP level 26. HP: 234/234 MP: 34/34
 65787 | Crypt:3  | Received a gift from Okawaru
 65821 | Crypt:3  | Reached skill level 26 in Fighting
 65933 | Crypt:3  | Identified the +3 lajatang of Mourning {spect, rElec rCorr}
 65934 | Crypt:3  | Identified the +1 longbow of Bevu {freeze, Str+2 Dex+2}
 66104 | Crypt:3  | Identified the ring of Perfectionism {*Corrode rPois rC+
                  | rN+}
 66124 | Crypt:3  | Identified the ring of Coronation {rN+ Will+ rCorr}
 66567 | Crypt:3  | Found a staircase to the Tomb.
 66700 | Crypt:3  | Noticed an ancient lich
 66701 | Crypt:3  | Identified the ring of Jit Keuw {rN+ Str+3 Dex+5}
 66713 | Crypt:3  | Killed an ancient lich
 66751 | Crypt:3  | Identified the ring "Zolil" {rF+ Dex+6}
 66758 | Crypt:3  | Identified the ring "Kaotuong" {Ice rPois rCorr Str+4
                  | Slay-5}
 66768 | Crypt:3  | Got the Handbook of Calling
 66848 | Crypt:1  | Found a basalt altar of Yredelemnul.
 67411 | Depths:3 | Voluntarily entered the Abyss.
 67437 | Abyss:2  | Identified the +10 battleaxe of Recklessness {chaos, rC+
                  | rN+ Int+4} (Okawaru gifted it to you on level 2 of the
                  | Abyss)
 67437 | Abyss:2  | Received a gift from Okawaru
 67859 | Abyss:3  | Found a stormy altar of Qazlal.
 68019 | Abyss:3  | Found a corrupted altar of Lugonu.
 68045 | Abyss:3  | Got an abyssal rune of Zot
 68055 | Abyss:3  | Received a gift from Okawaru
 68110 | Depths:3 | Escaped the Abyss
 68863 | D:13     | Bought the +9 scales of the Dragon King {rPois rF+ rC+
                  | Will+} for 1996 gold pieces
 68863 | D:13     | Found the +9 scales of the Dragon King {rPois rF+ rC+
                  | Will+}
 69373 | D:14     | Bought a potion of resistance for 170 gold pieces
 69373 | D:14     | Bought a potion of haste for 170 gold pieces
 69373 | D:14     | Bought a potion of curing for 51 gold pieces
 69373 | D:14     | Bought a potion of curing for 51 gold pieces
 69373 | D:14     | Bought a potion of mutation for 136 gold pieces
 69527 | Orc:1    | Bought 2 scrolls of teleportation for 60 gold pieces
 69527 | Orc:1    | Bought a scroll of teleportation for 30 gold pieces
 69527 | Orc:1    | Bought a scroll of silence for 95 gold pieces
 69762 | Pan      | Entered Pandemonium
 70655 | Pan      | Identified the +0 war axe "Zoser" {spect, Str+3 Dex+3}
                  | (Okawaru gifted it to you in Pandemonium)
 70655 | Pan      | Received a gift from Okawaru
 70897 | Pan      | Reached skill level 27 in Fighting
 70913 | Pan      | Noticed Pete the pandemonium lord
 70933 | Pan      | Killed Pete the pandemonium lord
 70995 | Pan      | Identified the +6 shortbow of Painful Death {freeze, rPois}
 71033 | Pan      | Identified the +1 pair of gloves "Antuv" {Str+5 Dex+3}
 71037 | Pan      | Got a demonic rune of Zot
 71214 | Pan      | Found an exit through the horrors of the Abyss.
 71605 | Pan      | Received a gift from Okawaru
 71713 | Pan      | Received a gift from Okawaru
 71752 | Pan      | Gained mutation: Armour fits poorly on your strangely
                  | shaped body. [a neqoxec]
 71890 | Pan      | HP: 5/239 [Brimstone Fiend/damnation (20)]
 71890 | Pan      | Killed from afar by a Brimstone Fiend

Illustrated notes

Levels and vault maps discovered:
D:1:      amcnicky_arrival_double_pillar, layout_basic
D:2:      layout_rooms, basic_altar, serial_shops, nicolae_shop_crystal,
          minmay_pentomino_u2
D:3:      layout_basic
D:4:      layout_rooms, nicolae_concentric_dashed_squares_wild, minivault_1
D:5:      minmay_octagon_keep, layout_basic, minmay_temple_entry_glassed_door,
          minmay_a_box_with_orc_wizards_in_it
D:6:      layout_basic, grunt_decor_one_mirror, glass_columns_c
D:7:      layout_loops_cross, mainiacjoe_overflow_two_lobes,
          hangedman_decor_opposing
D:8:      layout_rooms, minivault_24, uniq_grum, uniq_gastronok
D:9:      layout_big_octagon, serial_undead, serial_undead_f, serial_undead_e,
          serial_undead_f, serial_undead_b, serial_undead_c, serial_undead_f,
          serial_undead_a, serial_undead_a, serial_undead_f, serial_undead_e
D:10:     layout_layer_cave, lair_entry_dummy, minmay_splitting_lines
D:11:     layout_basic, david_orc_4, uniq_erica, uniq_fannar
D:12:     layout_roguey, gauntlet_entry_generic, fedhas_altar_1, uniq_psyche
D:13:     layout_small_grid, serial_shops, nicolae_shop_advertising_works
          [nicolae_subvault_shop_adworks], minmay_misc_feat_columns,
          chequers_serial_rivers_micro_d
D:14:     layout_stronghold, erik_vaults_2, serial_shops, kennysheep_mini,
          nicolae_trove_entry_columns, minmay_ruined_shrine
D:15:     hangedman_depths_entry_civil_slaughter, layout_loops_corners,
          nicolae_ashenzari_skybound, minmay_misc_feat_x, uniq_roxanne
Temple:   mainiacjoe_temple_big_plus
Lair:1:   layout_cave_pods, beast_lair_carwin_9, grunt_megastairs_3
Lair:2:   layout_regular_city, spider_nest_entry_webs
Lair:3:   layout_loops_ring, minmay_swamp_entry_eels, ldierk_geyser
Lair:4:   layout_misc_corridors, nicolae_volcano_entry_batcave,
          serial_bayou_lagoon_b, serial_bayou_shore_b, uniq_urug
Lair:5:   evilmike_catoblepas_cave, layout_gridlike, slime_entry_1,
          minmay_lair_oklob_items, chequers_serial_rivers_micro_b
Swamp:1:  layout_basic_swamp, evilmike_swamp_ruin_rubble_2, swamp_pool4
Swamp:2:  layout_falls_marsh, infiniplex_staircase_pool,
          nicolae_swamp_small_spring
Swamp:3:  layout_basic_swamp, evilmike_swamp_ruin_house_1, swamp_pool5
Swamp:4:  swamp_vile, layout_basic_swamp, infiniplex_staircase_pool_2
Spider:1: layout_spider_delve, worms_lemuel, uniq_kirke, uniq_jorgrun,
          uniq_louise
Spider:2: layout_spider_delve
Spider:3: layout_spider_delve
Spider:4: grunt_spider_rune_parallel
Slime:1:  layout_caves
Slime:2:  layout_caves
Slime:3:  layout_caves, uniq_dissolution
Slime:4:  layout_caves, dissolution_awaits
Slime:5
Orc:1:    layout_caves, serial_shops, nicolae_square_shop,
          lightli_church_of_beogh
Orc:2:    grunt_orc_tribal_feast, layout_diamond_mine, nicolae_orc_tapped_out
Elf:1:    elf_arrival_001, layout_geoelf_diagonals, mu_enter_wizlab_7,
          minmay_elf_necromancy, minmay_checkered_concentric_circles,
          grunt_megastairs_1, uniq_azrael, uniq_asterion
Elf:2:    elven_hall_of_blades_hangedman_original [nicolae_blade_bullseye],
          layout_rooms, serial_corexii_hall, corexii_hall_statues_u,
          corexii_hall_statues_x, serial_shops, nicolae_stop_n_shop_1,
          nicolae_shop_waterfront, nicolae_shop_stone, shop,
          nicolae_shop_overgrown_old_shop
Elf:3:    grunt_elf_hall_diamonds, layout_geoelf_octagon, basic_altar
Vaults:1: gammafunk_ghost_cemetery, hangedman_vaults_corner, v_misc_15,
          ontoclasm_vaults_tryst, vaults_standard_mumra_lines, v_misc_13,
          ontoclasm_vaults_hangar, v_rooms_4, vaults_dpeg_ring,
          layout_vaults_quadrants
Vaults:2: vaults_room_octagon, vaults_room_ringed_pool, ontoclasm_vaults_chip,
          vaults_room_pools, vaults_dpeg_hooks, nicolae_vaults_quartermaster,
          nicolae_vaults_three_branches, grunt_vaults_hallway_long,
          nicolae_vaults_big_angled_halls, vaults_mumra_chevron, serial_ice_g,
          layout_vaults_ring
Vaults:3: minmay_crypt_entry_simple_sparse, hangedman_vaults_stagger,
          vaults_room_grid, hangedman_vaults_snaps,
          ontoclasm_vaults_claustrophobia, sword_in_stone, vaults_room_pool,
          ontoclasm_vaults_ring_square, nicolae_vaults_stairing_the_circle,
          hangedman_vaults_slice, vaults_mumra_hex, nicolae_vaults_network_s,
          layout_vaults_big_cross, uniq_margery
Vaults:4: grunt_vaults_hallway_long, nicolae_vaults_rhombus_6,
          ontoclasm_vaults_gateway, nicolae_vaults_big_angled_halls, v_misc_4,
          ontoclasm_vaults_shuriken, ontoclasm_vaults_loading_screen,
          vaults_dpeg_diagonal, v_alt_pattern_3, v_pattern_4,
          ontoclasm_vaults_ligature, nicolae_vaults_little_squares_2,
          hangedman_vaults_cutoff, layout_vaults_big_room, serial_shops,
          shop_statue
Vaults:5: serial_shops
Crypt:1:  cheibrodos_crypt_draghalla, layout_chaotic_city,
          gammafunk_ghost_crypt, serial_co_window_serial, co_window_corner_a,
          co_window_corner_a, co_window_corner_a, co_window_paths_a,
          co_window_paths_a, co_window_corner_a, co_window_of_opportunity_b,
          co_window_2corner, co_window_2corner, co_window_unsneaky_path_a,
          co_window_corner_b, co_window_paths_d, lemuel_statue_altar,
          uniq_sojobo
Crypt:2:  layout_misc_corridors, uniq_vv
Crypt:3:  david_glass_crypt, layout_chaotic_city, beargit_elvish_explorers
Depths:1: layout_basic, minmay_misc_feat_cross,
          nicolae_hell_entry_hellmouth_sunbeams, minmay_strange_pillars,
          minmay_misc_feat_diagonals, dk_noncrumbling_4,
          hangedman_decor_riveting, nicolae_concentric_dashed_squares_mild,
          nicolae_shop_vocational
Depths:2: kennysheep_room_grid, layout_gridlike, serial_shops, bzr_firewalk,
          grunt_pan_entry_spiral, kennysheep_path_1, hangedman_geh_valley
Depths:3: grunt_profane_halls [grunt_profane_temple_coc,
          grunt_profane_temple_dis, grunt_profane_temple_geh,
          grunt_profane_temple_tar, grunt_profane_loot], abyss_entry,
          hell_entry, uniq_saint_roka, uniq_jory, uniq_grunn, uniq_mennas
Depths:4: evilmike_zot_entry_basic, layout_basic, enter_ziggurat_a, pan_entry,
          hell_entry, nicolae_hepliaklqana_monster_ancestors,
          grunt_megastairs_2, uniq_parghit, uniq_frederick
Pan:      grunt_pan_frozen_over, layout_gridville, grunt_pan_zigzag,
          layout_long_grid, pan_blood_fountain_small

Skill      XL: |  1  2  3  4  5  6  7  8  9 10 11 12 13 14 15 16 17 18 19 20 21 22 23 24 25 26 |
---------------+-------------------------------------------------------------------------------+-----
Dodging        | 1 2 3 4 5 7 8 9 10 11 12 13 14 15 17 18 19 20 | 20.9
Fighting       | 4 5 6 7 8 9 11 12 13 14 15 16 17 18 19 20 21 22 24 25 27 | 27.0
Armour         | 4 5 6 7 8 9 11 12 13 14 15 16 18 19 20 21 22 23 24 | 24.8
Shields        | 4 5 6 7 8 9 11 12 13 14 15 16 17 18 20 21 22 23 | 23.0
Axes           | 3 4 5 6 8 9 11 13 15 16 17 18 19 20 21 22 23 | 23.5
Invocations    | 2 4 6 7 8 9 10 11 13 15 17 | 17.3
Throwing       | 2 4 6 7 8 9 10 11 13 | 13.9
Stealth        | 1 4 5 7 8 10 | 10.0
Evocations     | 7 10 11 | 11.8

Action                   |  1- 3 |  4- 6 |  7- 9 | 10-12 | 13-15 | 16-18 | 19-21 | 22-24 | 25-27 || total
-------------------------+-------+-------+-------+-------+-------+-------+-------+-------+-------++-------
Melee: War axe           |   104 |    80 |   186 |   345 |       |       |       |       |       ||   715
       Headbutt          |    12 |    16 |    28 |   158 |   339 |   355 |   599 |   516 |   494 ||  2517
       Hand axe          |       |       |       |   368 |  1177 |  1185 |  1309 |       |       ||  4039
       Broad axe         |       |       |       |       |       |       |   358 |  1523 |  1290 ||  3171
Throw: Boomerang         |       |       |       |    19 |    95 |    57 |   174 |    15 |    85 ||   445
       Javelin           |       |       |       |     3 |       |       |       |       |       ||     3
       Dart              |       |       |       |     1 |       |       |       |       |       ||     1
       Throwing net      |       |       |       |       |       |       |     2 |       |       ||     2
Invok: Heroism           |       |       |       |     1 |       |     2 |     1 |     2 |     2 ||     8
       Finesse           |       |       |       |       |       |     2 |     1 |     1 |     4 ||     8
Evoke: Phial of floods   |       |       |       |       |       |       |       |       |     1 ||     1
  Use: Scroll            |       |       |    10 |    10 |     7 |     4 |     8 |     3 |     1 ||    43
       Potion            |       |       |       |       |       |     6 |     3 |       |     2 ||    11
 Stab: Confused          |       |       |       |       |       |     1 |       |       |       ||     1
       Distracted        |       |       |       |       |       |       |       |     1 |       ||     1
Armor: Scale mail        |    41 |    23 |    58 |    78 |       |       |       |       |       ||   200
       Plate armour      |       |       |       |   168 |   243 |   547 |   452 |   453 |   241 ||  2104
       Gold dragon scale |       |       |       |       |       |       |       |       |    59 ||    59
Dodge: Dodged            |    53 |    30 |    80 |   219 |   213 |   398 |   307 |   366 |   237 ||  1903
Block: Buckler           |    20 |    26 |   119 |   295 |   299 |       |       |       |       ||   759
       Reflection        |       |     1 |     2 |    15 |    16 |    19 |   116 |    78 |     8 ||   255
       Kite shield       |       |       |       |       |   170 |   720 |       |       |   545 ||  1435
       Tower shield      |       |       |       |       |       |   485 |  1568 |  2018 |   912 ||  4983
       Orb               |       |       |       |       |       |       |     1 |       |       ||     1
